 Dungeon Crawl Stone Soup version 0.29-a0-973-gac7da5f7f0 (webtiles) character file.

Game seed: 808549643524310218

32 vurker the Ducker (level 3, -5/30 HPs)
             Began as a Minotaur Enchanter on July 31, 2022.
             Slain by a gnoll
             ... wielding a +0 flail
              (9 damage)
             ... on level 1 of the Dungeon.
             The game lasted 00:01:34 (910 turns).

vurker the Ducker (Minotaur Enchanter)               Turns: 910, Time: 00:01:34

Health: -5/30      AC: 10    Str: 14    XL:     3   Next: 10%
Magic:  4/4        EV:  3    Int: 12    God:
Gold:   61         SH:  5    Dex: 10    Spells: 4/4 levels left

rFire   . . .      SeeInvis .   a - +1 dagger
rCold   . . .      Faith    .   i - +2 buckler
rNeg    . . .      Spirit   .   g - +0 plate armour
rPois   .          Reflect  .   (helmet restricted)
rElec   .          Harm     .   (no cloak)
rCorr   +          Rampage  .   (no gloves)
Will    .....                   (no boots)
Stlth   ..........              (no amulet)
HPRegen 0.10/turn               e - ring of resist corrosion
MPRegen 0.09/turn               (no ring)

@: no status effects
A: horns 2, retaliatory headbutt
a: no special abilities


You were on level 1 of the Dungeon.
You visited 1 branch of the dungeon, and saw 2 of its levels.

You collected 61 gold pieces.

Inventory:

Hand Weapons
 a - a +1 dagger (weapon)
Armour
 g - a +0 plate armour (worn)
   (You found it on level 2 of the Dungeon)
 i - a +2 buckler (worn)
   (You found it on level 1 of the Dungeon)
Jewellery
 e - a ring of resist corrosion (left hand)
   (You found it on level 1 of the Dungeon)
Scrolls
 f - a scroll of teleportation {unknown}
 h - 2 scrolls of identify {unknown}
Potions
 b - a potion of degeneration {unknown}
 c - 2 potions of invisibility
 d - a potion of heal wounds {unknown}


   Skills:
 * Level 2.3 Fighting
 - Level 1.1 Short Blades
 + Level 1.4 Armour
 + Level 2.7 Dodging
 - Level 2.4 Stealth
 - Level 1.3 Spellcasting
 - Level 2.0 Hexes


You had 4 spell levels left.
You didn't know any spells.
Your spell library contained the following spells:

 Spells                   Type           Power      Damage    Failure   Level
 Ensorcelled Hibernation  Hex/Ice        6%         N/A       100%        2
 Confusing Touch          Hex            5%         N/A       100%        3
 Dazzling Flash           Conj/Hex       6%         N/A       100%        3
 Tukima's Dance           Hex            5%         N/A       100%        3


Dungeon Overview and Level Annotations

Branches:
Dungeon (2/15)

Altars:


Innate Abilities, Weirdness & Mutations

You have a pair of horns on your head.
You reflexively headbutt those who attack you in melee.


Message History

You open the door.
A goblin, a bat and a hobgoblin come into view.
The goblin shouts!
The hobgoblin shouts!
A giant cockroach comes into view.
Found a scroll labelled TUBLIZENKO.
Found a stone staircase leading down.
There are monsters nearby!
There are monsters nearby!
There are monsters nearby!
You closely miss the bat. Your headbutt misses the bat.
The bat hits you but does no damage. The bat barely misses you.
You closely miss the bat. You headbutt the bat.
You kill the bat!
A gnoll comes into view. It is wielding a +0 flail.
You have reached level 3!
Your experience leads to an increase in your attributes!
Increase (S)trength, (I)ntelligence, or (D)exterity?
You feel stronger. x2
The gnoll shouts!
The hobgoblin attacks as you move away! You block the hobgoblin's attack.
You hit the hobgoblin.
You kill the hobgoblin!
You hit the goblin.
You kill the goblin!
The giant cockroach bites you but does no damage.
The giant cockroach bites you.
You see here a +0 club.
You hit the giant cockroach but do no damage.
Your headbutt misses the giant cockroach.
The giant cockroach bites you but does no damage.
You closely miss the giant cockroach.
The giant cockroach bites you but does no damage.
You hit the giant cockroach.
The giant cockroach bites you but does no damage.
You completely miss the giant cockroach.
You headbutt the giant cockroach.
You kill the giant cockroach!
You hit the gnoll. The gnoll hits you but does no damage.
You closely miss the gnoll. The gnoll hits you with a +0 flail.
You hit the gnoll. Your headbutt misses the gnoll.
You block the gnoll's attack.
You completely miss the gnoll. The gnoll completely misses you.
You hit the gnoll. The gnoll hits you but does no damage.
You hit the gnoll. The gnoll hits you with a +0 flail!
You closely miss the gnoll. The gnoll hits you with a +0 flail!
* * * LOW HITPOINT WARNING * * *
You hit the gnoll but do no damage. The gnoll hits you with a +0 flail.
* * * LOW HITPOINT WARNING * * *
You barely miss the gnoll. The gnoll hits you with a +0 flail!
You die...

#.........##
#.........####...###
+.........+.......#
.?..>....####...##
....... ##)## .....
#.# ... #.### #g#
#...# #@# ###.#
###.###### #.#
#........# #.#
#..).###.# #.#
#.....##.# #.#
######.....##.######.#
......†..............#
######.....##.########
#....###.#


You could see a gnoll.

Vanquished Creatures
  A dart slug (D:1)
  2 endoplasms (D:1)
  2 giant cockroaches (D:1)
  3 goblins (D:1)
  2 hobgoblins (D:1)
  4 jackals (D:1)
  2 kobolds (D:1)
  9 bats
  A frilled lizard (D:1)
26 creatures vanquished.

Notes
Turn   | Place    | Note
-------+----------+-------------------------------------------
     0 | D:1      | vurker the Minotaur Enchanter began the quest for the Orb.
     0 | D:1      | Reached XP level 1. HP: 14/14 MP: 1/1
   235 | D:1      | You fall into a shaft and drop 1 floor!
   457 | D:1      | Reached skill level 1 in Fighting
   469 | D:1      | Reached XP level 2. HP: 19/23 MP: 3/3
   557 | D:1      | Reached skill level 1 in Armour
   892 | D:1      | Reached XP level 3. HP: 29/29 MP: 4/4
   910 | D:1      | Slain by a gnoll

Illustrated notes

Levels and vault maps discovered:
D:1:      dpeg_arrival_shrine, layout_loops_corners, minmay_misc_feat_encased
D:2:      layout_rooms, uniq_jessica

Skill      XL: |  1  2 |
---------------+-------+-----
Fighting       | 1 2 |  2.3
Armour         | 1 |  1.4
Short Blades   | |  1.1
Dodging        | |  2.7
Stealth        | |  2.4
Spellcasting   | |  1.3
Hexes          | |  2.0

Action                   || total
-------------------------++-------
Melee: Dagger            ||    70
       Headbutt          ||    13
 Stab: Sleeping          ||     2
Armor: Plate armour      ||    51
       Robe              ||     1
Dodge: Dodged            ||    16
Block: Buckler           ||     2

Table legend: (Time is in decaauts)
 A = Elapsed time spent in this place.
 B = Non-inter-level travel time spent in this place.
 C = Inter-level travel time spent in this place.
 D = Time resting spent in this place.
 E = Time spent auto-exploring this place.
 F = Levels seen in this place.
 G = Mean time per level.
                   A        B        C        D        E       F      G
               +--------+--------+--------+--------+--------+-----+--------+
         Total |    907 |    903 |      4 |      0 |    696 |   2 |  453.5 |
       Dungeon |    907 |    903 |      4 |      0 |    696 |   2 |  453.5 |
               +--------+--------+--------+--------+--------+-----+--------+

Top non-repeatable levels by time:
     D:1: 746 daAuts
     D:2: 161 daAuts
